 Dungeon Crawl Stone Soup version 0.26.1-15-g04117e645d (webtiles) character file.

Game seed: 10898575725210634149

5169 Froggeryz the Cleaver (level 10, -9/66 HPs)
             Began as an Octopode Berserker on Mar 5, 2022.
             Was a High Priest of Trog.
             Shot with a bolt by an orc warlord (32 damage)
             ... in a bailey on Mar 6, 2022.
             The game lasted 00:08:54 (8602 turns).

Froggeryz the Cleaver (Octopode Berserker)          Turns: 8602, Time: 00:08:54

Health: -9/66      AC:  1    Str: 16    XL:     10   Next: 59%
Magic:  10/10      EV: 19    Int: 10    God:    Trog [*****.]
Gold:   448        SH:  5    Dex: 27    Spells: 9/9 levels left

rFire    + . .     SeeInvis +   H - +3 hand axe (freeze)
rCold    . . .     Faith    .   (no shield)
rNeg     . . .     Spirit   .   (helmet restricted)
rPois    .         Reflect  +   j - amulet of reflection
rElec    .         Harm     .   c - +6 ring of dexterity
rCorr    +         Rampage  .   f - ring of see invisible
Will     .....                  F - ring of resist corrosion
Stlth    +++++.....             u - +6 ring of dexterity
HPRegen  0.21/turn              I - +4 ring of evasion
MPRegen  0.12/turn              a - ring of protection from fire
                                (no ring)
                                (no ring)

@: no status effects
A: almost no armour, stealthy swim, amphibious, 8 rings, constrict 8, camouflage
1, gelatinous body 1
a: Renounce Religion, Berserk, Trog's Hand, Brothers in Arms


You were in a bailey.
You worshipped Trog.
Trog was extremely pleased with you.
You visited 1 branch of the dungeon, and saw 8 of its levels.
You also visited: Bailey.

You collected 448 gold pieces.

Inventory:

Hand Weapons
 H - a +3 hand axe of freezing (weapon)
Missiles
 e - 49 poisoned darts (quivered)
 y - 7 boomerangs
Jewellery
 a - a ring of protection from fire (on tentacle)
 c - a +6 ring of dexterity (left tentacle)
 f - a ring of see invisible (right tentacle)
 j - an amulet of reflection (around mantle)
 u - a +6 ring of dexterity (on tentacle)
 F - a ring of resist corrosion (on tentacle)
 I - a +4 ring of evasion (on tentacle)
Wands
 B - a wand of iceblast (12)
Scrolls
 b - 6 scrolls of remove curse
 g - 2 scrolls of blinking
 o - a scroll of amnesia {unknown}
 p - 3 scrolls of teleportation
 q - 4 scrolls of enchant armour
 A - a scroll of fog
 C - 3 scrolls of enchant weapon
 D - a scroll of immolation
Potions
 h - 2 potions of magic {unknown}
 i - 3 potions of berserk rage {unknown}
 k - a potion of invisibility {unknown}
 l - 2 potions of ambrosia {unknown}
 n - 4 potions of haste {unknown}
 r - 3 potions of brilliance {unknown}
 s - 3 potions of lignification {unknown}
 t - 5 potions of heal wounds {unknown}
 v - 5 potions of curing {unknown}
 w - a potion of cancellation {unknown}
 x - 3 potions of resistance {unknown}
 z - a potion of flight {unknown}
 E - a potion of experience {unknown}
 G - 4 potions of degeneration {unknown}


   Skills:
 + Level 5.0 Fighting
 * Level 12.6 Axes
 - Level 6.3 Throwing
 - Level 3.0 Dodging
 - Level 6.2 Stealth


You had 9 spell levels left.
You didn't know any spells.
Your spell library was empty.

Dungeon Overview and Level Annotations

Branches:
Dungeon (8/15)             Temple (0/1) D:5          Bailey (1/1)
   Lair: D:8-11

Altars:
Dithmenos
Gozag
Hepliaklqana
Kikubaaqudgha
Makhleb
Okawaru
Qazlal
Trog

Annotations:
D:3 2 transporters, Sapher's ghost, weakling DEEE


Innate Abilities, Weirdness & Mutations

You cannot wear most types of armour.
You are very stealthy in the water. (Stealth+)
You are amphibious.
You can wear up to eight rings at the same time.
You can use your tentacles to constrict eight enemies at once.
Your skin changes colour to match your surroundings (Stealth+).
Your rubbery body absorbs attacks. (AC +1, EV +1)


Message History

You hit the orc knight but do no damage.
You grab the orc knight.
You squeeze the orc knight, but do no damage.
The orc knight is almost dead.
You constrict the orc knight.
The orc knight hits you with a +0 war axe.
The orc knight hits your troll with a +0 war axe.
You hit the orc knight. You freeze the orc knight. You squeeze the orc knight.
You kill the orc knight!
Trog accepts your kill.
Your troll rages.
Your Fighting skill increases to level 5!
Your troll rages.
The orc warlord shoots a bolt.
The bolt hits you!!
You hear a shout!
You see here a bolt.
Your troll bites the orc warlord.
Your troll claws the orc warlord!!
Your troll barely misses the orc warlord.
The orc warlord shoots a bolt.
The bolt hits you!!
You die...

### ### ###.### ###.###
###.....### ###.....###
##.........###.........##
#...........#...........#
#........@).'...........#
#.....)...(.#.....⌠.....#
#.....o())..#...........#
#......T....#...)..))...#
###(.().o...###.....)...###
###.#'#.....###.###...))#'#.#
###.....###.###...
###.###.... ##.........###
.g.. ###.).... #..........8#
.))o. #..)....


You could see an orc warlord, an orc knight (strong) and a friendly troll
(summoned, berserk).

Vanquished Creatures
  An orc knight (Bailey)
  Pikel (D:6)
  Joseph (D:7)
  Psyche (D:8)
  Sigmund (D:2)
  Edmund (D:6)
  7 orc warriors
  A black bear (D:6)
  3 sky beasts
  2 phantoms
  2 ice beasts (D:5)
  4 ogres
  A centaur (D:8)
  2 big kobolds (D:8)
  2 bullfrogs
  3 wights (D:6)
  2 howler monkeys
  A bullfrog skeleton (D:6)
  3 orc priests
  A gnoll shaman (D:3)
  Crazy Yiuf (D:5)
  5 hounds
  4 worker ants
  Natasha (thrice) (D:2)
  6 orc wizards
  3 hound skeletons
  11 adders
  17 gnolls
  2 shadow imps (D:5)
  2 white imps
  2 oozes
  3 adder skeletons
  8 worms
  4 dart slugs
  5 leopard geckos
  38 orcs
  10 bats
  6 giant cockroaches
  20 goblins
  25 hobgoblins
  12 jackals
  21 kobolds
  5 quokkas
  2 ball pythons
  4 frilled lizards
  A leopard gecko skeleton (D:5)
  2 quokka skeletons
  5 rats
267 creatures vanquished.

Vanquished Creatures (collateral kills)
  An orc warrior (Bailey)
1 creature vanquished.

Grand Total: 268 creatures vanquished

Notes
Turn   | Place    | Note
-------+----------+-------------------------------------------
     0 | D:1      | Froggeryz the Octopode Berserker began the quest for the
                  | Orb.
     0 | D:1      | Reached XP level 1. HP: 16/16 MP: 1/1
   287 | D:1      | Reached skill level 1 in Stealth
   338 | D:1      | Reached XP level 2. HP: 21/21 MP: 2/2
  1204 | D:2      | Reached XP level 3. HP: 26/26 MP: 3/3
  1208 | D:2      | Reached ** piety under Trog
  1296 | D:2      | Reached skill level 4 in Axes
  1296 | D:2      | Reached XP level 4. HP: 26/31 MP: 4/4
  1296 | D:2      | Noticed Sigmund
  1309 | D:2      | Killed Sigmund
  1310 | D:2      | Reached skill level 5 in Axes
  1310 | D:2      | Reached XP level 5. HP: 27/36 MP: 5/5
  1492 | D:2      | Reached XP level 6. HP: 37/42 MP: 6/6
  1742 | D:2      | Found a bloodstained altar of Trog.
  1770 | D:2      | Noticed Natasha
  1780 | D:2      | Killed Natasha
  1959 | D:2      | Noticed Natasha
  1966 | D:2      | Killed Natasha
  1994 | D:2      | Reached skill level 6 in Axes
  2161 | D:2      | Noticed Natasha
  2165 | D:2      | Killed Natasha
  2166 | D:2      | Reached skill level 5 in Stealth
  2288 | D:3      | Found a transporter.
  2288 | D:3      | Noticed Sapher's ghost (weakling DEEE)
  2289 | D:3      | Found a transporter.
  2298 | D:3      | Reached *** piety under Trog
  2548 | D:3      | Reached XP level 7. HP: 23/46 MP: 7/7
  2956 | D:3      | Reached skill level 7 in Axes
  3213 | D:4      | Reached **** piety under Trog
  3524 | D:4      | Reached skill level 1 in Throwing
  4078 | D:4      | Reached XP level 8. HP: 45/52 MP: 8/8
  4124 | D:5      | Entered Level 5 of the Dungeon
  4141 | D:5      | Reached skill level 8 in Axes
  4257 | D:5      | Found a staircase to the Ecumenical Temple.
  4928 | D:5      | Reached skill level 9 in Axes
  5186 | D:5      | Found a runed translucent door.
  5187 | D:5      | Noticed Crazy Yiuf
  5485 | D:5      | Killed Crazy Yiuf
  5548 | D:6      | Noticed Pikel
  5553 | D:6      | Killed Pikel
  5554 | D:6      | Reached skill level 10 in Axes
  5554 | D:6      | Reached XP level 9. HP: 52/56 MP: 9/9
  5894 | D:6      | Reached skill level 5 in Throwing
  6127 | D:6      | Noticed Edmund
  6144 | D:6      | Killed Edmund
  6699 | D:6      | Reached skill level 11 in Axes
  6832 | D:7      | Reached ***** piety under Trog
  6837 | D:7      | Found an iron altar of Okawaru.
  6840 | D:7      | Found a shadowy altar of Dithmenos.
  6842 | D:7      | Found an opulent altar of Gozag.
  6852 | D:7      | Noticed Joseph
  6867 | D:7      | Killed Joseph
  6875 | D:7      | Reached XP level 10. HP: 63/63 MP: 10/10
  7051 | D:7      | Found a burning altar of Makhleb.
  7054 | D:7      | Found a hazy altar of Hepliaklqana.
  7057 | D:7      | Found an ancient bone altar of Kikubaaqudgha.
  7060 | D:7      | Found a stormy altar of Qazlal.
  7519 | D:7      | Received a gift from Trog
  7694 | D:8      | Noticed Psyche
  7706 | D:8      | Killed Psyche
  7707 | D:8      | Reached skill level 12 in Axes
  7849 | D:8      | Found a flagged portal.
  7858 | Bailey   | Entered a bailey
  8576 | Bailey   | Noticed an orc warlord
  8576 | Bailey   | Noticed an orc knight
  8578 | Bailey   | Noticed an orc knight
  8600 | Bailey   | Killed an orc knight
  8601 | Bailey   | Reached skill level 5 in Fighting
  8602 | Bailey   | Shot with a bolt by an orc warlord

Illustrated notes

Levels and vault maps discovered:
D:1:      co_arrival_random_square_maze, layout_basic, serial_park_tiny_1,
          minmay_small_reverse_x
D:2:      layout_basic, lemuel_crystal_altar, st_stairs_5, uniq_natasha,
          uniq_sigmund
D:3:      layout_basic, gammafunk_ghost_smash
D:4:      layout_loops_cross
D:5:      layout_loops_ring, minmay_temple_entry_sparse_star,
          grunt_decor_junction, uniq_crazy_yiuf_cottage
D:6:      layout_rooms, uniq_pikel, uniq_edmund
D:7:      layout_cave_pools, grunt_temple_overflow_open,
          grunt_temple_overflow_cloverleaf, kennysheep_dice, uniq_joseph
D:8:      layout_rooms, enter_bailey_8, uniq_psyche
Bailey:   bailey_axe_minmay_hex_keep, bailey

Skill      XL: |  1  2  3  4  5  6  7  8  9 10 |
---------------+-------------------------------+-----
Stealth        | 1 2 4 5 6 |  6.2
Axes           | 4 5 6 7 10 11 12 | 12.6
Throwing       | 1 4 6 |  6.3
Fighting       | 5 |  5.0
Dodging        | |  3.0

Action                   |  1- 3 |  4- 6 |  7- 9 | 10-12 || total
-------------------------+-------+-------+-------+-------++-------
Melee: Hand axe          |    46 |    88 |   283 |   140 ||   557
       Constrict         |    13 |    28 |    67 |    42 ||   150
       Tentacles         |     7 |    26 |    99 |    46 ||   178
Throw: Dart              |       |       |       |     3 ||     3
Invok: Berserk           |     2 |     1 |    10 |     1 ||    14
       Trog's Hand       |       |       |     1 |       ||     1
       Brothers in Arms  |       |       |       |     1 ||     1
Evoke: Wand              |       |       |       |     2 ||     2
  Use: Scroll            |       |       |       |    11 ||    11
 Stab: Sleeping          |     8 |     6 |    22 |     5 ||    41
       Distracted        |       |       |     5 |       ||     5
Armor: Skin              |     4 |     5 |    10 |       ||    19
Dodge: Dodged            |    28 |    43 |   130 |    70 ||   271
Block: Other             |     4 |    13 |    37 |    21 ||    75
       Reflection        |     1 |       |       |     1 ||     2
